cohdb
Replays
Latest Replays
All Replays
Popular Replays
Top Player Replays
Match Explorer
How It Works
Community
CoH3 Stats
Reddit
Sign in to upload your games and track your stats! →
Sign in with Steam
Match 26592187
Unlisted
Match 26592187
Overview
Messages
Build Orders
End
Vickers Machine Gun Team
Construct Section Command Post
Selects Air and Sea Battlegroup
Infantry Section
Infantry Section
Vickers Machine Gun Team
Grenade Package
ML 3-inch Mortar Team
Construct Platoon Command Post
Selects Commando Section Paradrop
Unlock M3 Stuart Light Tanks
6-pounder Anti-tank Gun Team
Selects M1 Pack Howitzer Paradrop
M1 Pack Howitzer Paradrop
gb_gbg
SneaKerz
Don Gambino
Talboss
0
0
Comments
sign in to comment!
No comments posted yet!